 Dungeon Crawl Stone Soup version 0.23.2-33-g5129a83184 (webtiles) character file.

Game seed: 4557194733732902435

1992 doot the Thaumaturge (level 9, -1/47 HPs)
             Began as a Deep Elf Wizard on July 24, 2019.
             Was a Follower of Sif Muna.
             Slain by a killer bee (3 damage)
             ... on level 7 of the Dungeon.
             The game lasted 00:21:09 (7625 turns).

doot the Thaumaturge (Deep Elf Wizard)              Turns: 7625, Time: 00:21:10

Health: -1/47      AC:  4    Str:  4    XL:     9   Next: 1%
Magic:  1/24       EV: 14    Int: 27    God:    Sif Muna [*.....]
Gold:   291        SH:  0    Dex: 13    Spells: 13/27 levels left

rFire    . . .     SeeInvis .   a - +5 dagger (venom)
rCold    . . .     Gourm    .   (no shield)
rNeg     . . .     Faith    .   p - +0 robe
rPois    .         Spirit   .   x - +1 hat
rElec    .         Reflect  .   c - +0 cloak
rCorr    .         Harm     .   (no gloves)
MR       +....                  (no boots)
Stlth    ++++......             (no amulet)
HPRegen  0.15/turn              e - ring of stealth
MPRegen  0.19/turn              f - ring of protection from magic

@: no status effects
A: no striking features
a: Divine Energy, Renounce Religion


You were on level 7 of the Dungeon.
You worshipped Sif Muna.
Sif Muna was aware of your devotion.
You were not hungry.

You visited 2 branches of the dungeon, and saw 8 of its levels.

You collected 291 gold pieces.

Inventory:

Hand Weapons
 a - a +5 dagger of venom (weapon)
Armour
 c - a +0 cloak (worn)
 p - a +0 robe (worn)
 q - a +2 ring mail of cold resistance
 u - a +1 leather armour of poison resistance
 x - a +1 hat (worn)
Magical Staves
 b - an uncursed staff of summoning
Jewellery
 e - a ring of stealth (left hand)
 f - a ring of protection from magic (right hand)
 C - an uncursed ring of positive energy {unknown}
Wands
 s - a wand of random effects (23)
 B - a wand of acid (6)
Scrolls
 g - 7 scrolls of identify
 i - 5 scrolls of teleportation
 l - 2 scrolls of immolation
 m - a scroll of enchant armour
 n - a scroll of blinking {unknown}
 v - 3 scrolls of remove curse
 w - a scroll of enchant weapon
 y - a scroll of vulnerability {unknown}
 A - 2 scrolls of magic mapping
Potions
 h - a potion of might {unknown}
 j - a potion of haste {unknown}
 k - 2 potions of curing
 o - 3 potions of heal wounds {unknown}
 r - 2 potions of resistance {unknown}
 t - a potion of ambrosia {unknown}
Comestibles
 d - 9 rations


   Skills:
 + Level 1.0 Fighting
 + Level 2.0 Short Blades
 + Level 4.1 Dodging
 + Level 4.6 Stealth
 + Level 9.9 Spellcasting
 + Level 5.3 Conjurations
 + Level 0.8 Hexes
 * Level 4.2 Summonings
 + Level 3.8 Translocations
 + Level 2.3 Fire Magic
 + Level 1.2 Air Magic
 + Level 2.2 Poison Magic


You had 13 spell levels left.
You knew the following spells:

 Your Spells              Type           Power        Failure   Level  Hunger
a - Magic Dart            Conj           ####         1%          1    None
b - Blink                 Tloc           N/A          1%          2    None
c - Slow                  Hex            ###.....     4%          2    None
d - Conjure Flame         Conj/Fire      ####....     2%          3    None
e - Mephitic Cloud        Conj/Pois/Air  ####....     4%          3    None
f - Call Canine Familiar  Summ           #####...     2%          3    None

Your spell library contained the following spells:

 Spells                   Type           Power        Failure   Level  Hunger
 Summon Small Mammal      Summ           ####         1%          1    None
 Call Imp                 Summ           #####...     1%          2    None
 Searing Ray              Conj           #####.       1%          2    None
 Dazzling Spray           Conj/Hex       ####..       3%          3    None
 Summon Guardian Golem    Hex/Summ       ####....     4%          3    None
 Iskenderun's Mystic Bla  Conj           #####...     4%          4    None
 Force Lance              Conj/Tloc      #####...     7%          4    None
 Fulminant Prism          Conj/Hex       ####......   12%         4    None
 Summon Lightning Spire   Summ/Air       ####....     14%         4    None
 Summon Ice Beast         Ice/Summ       ###.....     19%         4    None


Dungeon Overview and Level Annotations

Branches:
Dungeon (7/15)             Temple (1/1) D:5

Altars:
Ashenzari
Cheibriados
Dithmenos
Elyvilon
Fedhas
Gozag
Hepliaklqana
Kikubaaqudgha
Makhleb
Okawaru
Qazlal
Ru
Sif Muna
Trog
Uskayaw
Vehumet
Wu Jian
Xom
Yredelemnul
Zin
The Shining One


Message History

Your wolf closely misses the killer bee.
Casting: Blink (safe; 1% risk of failure)
Confirm with . or Enter, or press ? or * to list all spells.
You blink.
Your wolf barely misses the killer bee.
Your wolf completely misses the killer bee.
There is a stone staircase leading down here.
The killer bee stings you but does no damage.
Your wolf misses the killer bee.
You see here a scroll of teleportation.
You barely miss the killer bee. The killer bee stings you!
* * * LOW HITPOINT WARNING * * *
Your wolf barely misses the killer bee.
The killer bee stings you but does no damage.
Unknown command.
You hit the killer bee.
The killer bee is poisoned.
The killer bee is lightly wounded.
Your wolf misses the killer bee. The killer bee stings you.
* * * LOW HITPOINT WARNING * * *
The killer bee stings you.
You die...

#h# #.# #)# #.# ####
###[######.# #..
........##.########.#
....#............##.#######
#####.#.............ยง.....#
#).........##.##.#####.#
#..####....##.##h# #..#
#.....hy@##.# #.y#
#......>.##.#
#.y###........##.#
#$..........#.##..
#...####...##.####
.....###.# ###### #.# ..# ##


You could see a killer bee and a friendly wolf.

Vanquished Creatures
  Pikel (D:3)
  Joseph (D:7)
  Sigmund (D:2)
  Edmund (D:5)
  Duvessa (D:5)
  2 slaves (D:3)
  Blork the orc (D:5)
  Dowan (D:5)
  A scorpion (D:5)
  3 killer bees (D:7)
  Crazy Yiuf (D:4)
  A hound (D:5)
  3 orc wizards (D:4)
  2 worker ants (D:4)
  2 worker ant zombies
  4 adders
  3 gnolls (D:3)
  2 worms (D:3)
  4 dart slugs
  4 leopard geckos
  8 orcs
  7 goblins
  7 hobgoblins
  6 jackals
  10 kobolds
  3 ball pythons
  8 bats
  5 frilled lizards
  A jackal skeleton (D:4)
  A leopard gecko zombie (D:7)
  A quokka skeleton (D:4)
  7 rats
103 creatures vanquished.

Vanquished Creatures (collateral kills)
  An orc warrior (D:6)
  2 killer bees (D:7)
  A crimson imp (D:6)
  A bullfrog skeleton (D:6)
  A jelly (D:6)
  A hound (D:6)
  A centaur skeleton (D:7)
  An orc wizard (D:6)
  An iguana (D:7)
  A worker ant (D:6)
  A howler monkey skeleton (D:6)
  4 adders
  A shadow imp (D:6)
  5 orcs
  2 giant cockroaches
  2 goblins (D:1)
  2 hobgoblins
  A quokka (D:6)
  A bat (D:2)
  A jackal skeleton (D:6)
  A leopard gecko zombie (D:6)
  A rat (D:2)
33 creatures vanquished.

Vanquished Creatures (others)
  A gnoll (D:3)
  An orc (D:3)
2 creatures vanquished.

Grand Total: 138 creatures vanquished

Notes
Turn   | Place    | Note
-------+----------+-------------------------------------------
     0 | D:1      | doot the Deep Elf Wizard began the quest for the Orb.
     0 | D:1      | Reached XP level 1. HP: 10/10 MP: 7/7
   204 | D:1      | Reached XP level 2. HP: 15/15 MP: 2/9
   347 | D:1      | Learned a level 2 spell: Blink
   350 | D:1      | Learned a level 2 spell: Slow
   415 | D:1      | Reached skill level 5 in Spellcasting
   634 | D:2      | Reached XP level 3. HP: 19/19 MP: 7/11
   644 | D:2      | Learned a level 3 spell: Conjure Flame
   648 | D:2      | Learned a level 3 spell: Mephitic Cloud
  1122 | D:3      | Reached XP level 4. HP: 24/24 MP: 6/13
  1408 | D:3      | Found an opulent altar of Gozag.
  1408 | D:3      | Found a glowing silver altar of Zin.
  1490 | D:3      | Found a hazy altar of Hepliaklqana.
  1825 | D:4      | Reached XP level 5. HP: 23/28 MP: 0/15
  1987 | D:4      | Reached skill level 6 in Spellcasting
  2370 | D:4      | Noticed Pikel
  2373 | D:4      | Noticed a slave
  2376 | D:4      | Noticed a slave
  2376 | D:4      | Noticed a slave
  2376 | D:4      | Noticed a slave
  2679 | D:3      | Killed a slave
  2784 | D:3      | Reached XP level 6. HP: 21/33 MP: 9/17
  2932 | D:3      | Killed a slave
  3029 | D:3      | Killed Pikel
  3029 | D:3      | Reached skill level 7 in Spellcasting
  3029 | D:3      | Reached skill level 1 in Poison Magic
  3029 | D:3      | Reached XP level 7. HP: 27/37 MP: 3/20
  3693 | D:4      | Found a runed translucent door.
  3694 | D:4      | Noticed Crazy Yiuf
  4107 | D:5      | Entered Level 5 of the Dungeon
  4179 | D:5      | Reached skill level 1 in Fire Magic
  4271 | D:5      | Reached skill level 8 in Spellcasting
  4339 | D:5      | Noticed Edmund
  4357 | D:5      | Killed Edmund
  4357 | D:5      | Reached skill level 1 in Air Magic
  4389 | D:5      | Learned a level 3 spell: Call Canine Familiar
  4394 | D:5      | Noticed Blork the orc
  4430 | D:5      | Killed Blork the orc
  4430 | D:5      | Reached skill level 5 in Conjurations
  4728 | D:5      | Noticed Duvessa
  4728 | D:5      | Noticed Dowan
  4743 | D:5      | Killed Dowan
  4743 | D:5      | Reached XP level 8. HP: 38/42 MP: 13/22
  4744 | D:5      | Killed Duvessa
  4934 | D:5      | Found a staircase to the Ecumenical Temple.
  4988 | Temple   | Entered the Ecumenical Temple
  5990 | D:2      | Noticed Sigmund
  6003 | D:2      | Killed Sigmund
  6003 | D:2      | Reached skill level 1 in Fighting
  6003 | D:2      | Reached skill level 1 in Short Blades
  6027 | D:2      | Found a sacrificial altar of Ru.
  6028 | D:2      | Found a deep blue altar of Sif Muna.
  6035 | D:2      | Found a glowing golden altar of the Shining One.
  6037 | D:2      | Found a radiant altar of Vehumet.
  6040 | D:2      | Became a worshipper of Sif Muna the Loreminder
  6052 | D:2      | Found a stormy altar of Qazlal.
  6053 | D:2      | Found a snail-covered altar of Cheibriados.
  6054 | D:2      | Found an iron altar of Okawaru.
  6055 | D:2      | Found a bloodstained altar of Trog.
  6514 | D:4      | Killed Crazy Yiuf
  6923 | D:6      | Found an ornate altar of the Wu Jian Council.
  6943 | D:6      | Reached skill level 9 in Spellcasting
  7510 | D:7      | Noticed Joseph
  7532 | D:7      | Killed Joseph
  7532 | D:7      | Reached * piety under Sif Muna
  7565 | D:7      | Reached XP level 9. HP: 18/47 MP: 1/24
  7625 | D:7      | HP: 2/47 [killer bee (4)]
  7625 | D:7      | Slain by a killer bee

Skill      XL: |  1  2  3  4  5  6  7  8 |
---------------+-------------------------+-----
Dodging        | 3 4 |  4.1
Spellcasting   | 5 6 7 8 9 |  9.9
Conjurations   | 2 3 4 5 |  5.3
Stealth        | 3 4 |  4.6
Translocations | 2 3 |  3.8
Poison Magic   | 1 2 |  2.2
Fire Magic     | 1 2 |  2.3
Air Magic      | 1 |  1.2
Fighting       | 1 |  1.0
Short Blades   | 2 |  2.0
Summonings     | 4 |  4.2
Hexes          | |  0.8

Action                   |  1- 3 |  4- 6 |  7- 9 || total
-------------------------+-------+-------+-------++-------
Melee: Unarmed           |     1 |       |       ||     1
       Dagger            |       |    18 |    53 ||    71
       Staff             |       |       |     2 ||     2
 Cast: Magic Dart        |    79 |    82 |    32 ||   193
       Conjure Flame     |     1 |    10 |    11 ||    22
       Mephitic Cloud    |     1 |     7 |     9 ||    17
       Blink             |       |    12 |    15 ||    27
       Slow              |       |     2 |       ||     2
       Call Canine Famil |       |       |    17 ||    17
  Use: Scroll            |       |       |     8 ||     8
 Stab: Confused          |       |     2 |     2 ||     4
       Sleeping          |       |       |     1 ||     1
  Eat: Chunk             |       |     6 |    11 ||    17
       Ration            |       |       |     1 ||     1
Armor: Robe              |     1 |    12 |    14 ||    27
Dodge: Dodged            |    11 |    38 |    41 ||    90
